 Dungeon Crawl Stone Soup version 0.25.0-11-g1f837a76a1 (webtiles) character file.

Game seed: 7969279940882629677

1170 protoss039 the Thaumaturge (level 8, -5/41 HPs)
             Began as a Deep Elf Earth Elementalist on June 28, 2020.
             Was an Initiate of Vehumet.
             Slain by Duvessa
             ... wielding a +0 rapier
              (16 damage)
             ... on level 5 of the Dungeon.
             The game lasted 00:15:36 (6468 turns).

protoss039 the Thaumaturge (DEEE)                   Turns: 6468, Time: 00:15:37

Health: -5/41      AC:  4    Str:  5    XL:     8   Next: 17%
Magic:  16/23      EV: 13    Int: 23    God:    Vehumet [......]
Gold:   294        SH:  0    Dex: 15    Spells: 11/26 levels left

rFire    . . .     SeeInvis .   m - +2 spear (flame)
rCold    . . .     Gourm    .   (no shield)
rNeg     . . .     Faith    .   c - +0 robe
rPois    .         Spirit   .   h - +0 helmet
rElec    .         Reflect  .   (no cloak)
rCorr    .         Harm     .   p - +0 pair of gloves
MR       .....                  (no boots)
Stlth    ++........             (no amulet)
HPRegen  0.13/turn              (no ring)
MPRegen  0.18/turn              (no ring)

@: very slightly contaminated
A: no striking features
a: Renounce Religion


You were on level 5 of the Dungeon.
You worshipped Vehumet.
Vehumet was noncommittal.
You were not hungry.

You visited 2 branches of the dungeon, and saw 6 of its levels.
You also visited: Ossuary.

You collected 294 gold pieces.

Inventory:

Hand Weapons
 m - a +2 spear of flaming (weapon)
Missiles
 b - 95 stones (quivered)
Armour
 c - a +0 robe (worn)
 h - a +0 helmet (worn)
 p - a +0 pair of gloves (worn)
Wands
 w - a wand of random effects (20)
Scrolls
 a - a scroll of enchant weapon {unknown}
 e - 3 scrolls of blinking {unknown}
 f - 2 scrolls of remove curse {unknown}
 i - 8 scrolls of identify
 j - 4 scrolls of teleportation {unknown}
 q - a scroll of random uselessness {unknown}
 r - a scroll of immolation {unknown}
 t - 2 scrolls of fear {unknown}
Potions
 g - 2 potions of ambrosia
 k - 2 potions of heal wounds {unknown}
 l - a potion of magic {unknown}
 n - a potion of curing
 o - a potion of brilliance {unknown}
 s - a potion of lignification {unknown}
 u - a potion of resistance
 v - a potion of mutation {unknown}
Comestibles
 d - 9 rations


   Skills:
   Level 1.0 Short Blades
 - Level 0.1 Polearms
 - Level 2.4 Dodging
 - Level 2.4 Stealth
 * Level 9.8 Spellcasting
 + Level 0.8 Conjurations
 + Level 1.1 Transmutations
 * Level 7.7 Earth Magic


You had 11 spell levels left.
You knew the following spells:

 Your Spells              Type           Power        Failure   Level  Hunger
a - Sandblast             Erth           #####.       1%          1    None
b - Passwall              Tmut/Erth      ####....     1%          2    None
c - Stone Arrow           Conj/Erth      ####..       3%          3    None
d - Petrify               Tmut/Erth      ####....     10%         4    ##.....
e - Lee's Rapid Deconstr  Erth           #####.....   7%          5    ####...

Your spell library contained the following spells:

 Spells                   Type           Power        Failure   Level  Hunger
 Freeze                   Ice            ##..         6%          1    None
 Frozen Ramparts          Ice            ##....       17%         3    None
 Ozocubu's Armour         Chrm/Ice       ##......     17%         3    None
 Hailstorm                Conj/Ice       ##......     43%         4    ##.....
 Summon Ice Beast         Ice/Summ       ##......     50%         4    ##.....


Dungeon Overview and Level Annotations

Branches:
Dungeon (5/15)             Temple (1/1) D:5         Ossuary (visited)

Altars:
Cheibriados
Dithmenos
Elyvilon
Fedhas
Gozag
Kikubaaqudgha
Makhleb
Nemelex Xobeh
Okawaru
Qazlal
Ru
Trog
Uskayaw
Vehumet
Wu Jian
Xom
Yredelemnul
Zin
The Shining One

Annotations:
D:2 Sigmund
D:5 exclusion: howler monkey, Duvessa


Message History

Duvessa hits you with a +0 rapier!
There is a staircase to the Ecumenical Temple, spattered with blood here.
Unknown command.
Casting: Sandblast (safe; 1% risk of failure)
Confirm with . or Enter, or press ? or * to list all spells.
The spell is quite dangerous to cast (7% risk of failure)!
Continue anyway?
Aiming: Lee's Rapid Deconstruction (quite dangerous; 7% risk of failure)
Press: ? - help, Dir - move target cursor A rock wall.
You miscast Lee's Rapid Deconstruction.
You are very lightly contaminated with residual magic.
Nothing appears to happen.
Duvessa hits you with a +0 rapier!!
Ouch! That really hurt!
* * * LOW HITPOINT WARNING * * *
Unknown command.
You feel better. Duvessa hits you with a +0 rapier!
* * * LOW HITPOINT WARNING * * *
Unknown command.
You feel better. Duvessa hits you with a +0 rapier!
You die...

....#.##.$...........
....#..............
##
....#..........e...
.. #.........(......
. ##...............
##.#..)e........
#####..##.........?
##...##.######.<....
#..@.###.### #######
#.).e##....##
#^.......#..###
#######..##...### ##
#....).....### .#
#............## .##
##..#.......#... ..##
#### #..###......##..
...#######...### #..#
###....####


You could see Duvessa (berserk).

Vanquished Creatures
  Menkaure (D:4)
  A sky beast (D:5)
  An ogre (D:5)
  Dowan (D:5)
  A crimson imp (D:4)
  A centaur zombie (Ossuary)
  A jelly (D:5)
  A hound (D:5)
  A gnoll shaman (D:5)
  A centaur skeleton (D:5)
  An orc priest (D:4)
  Jessica (D:2)
  2 iguanas (D:5)
  Ijyb (D:4)
  2 worker ants (D:5)
  4 big kobold zombies (Ossuary)
  6 mummies (Ossuary)
  15 gnolls
  6 adders
  5 oozes
  An adder skeleton (D:5)
  A worm (D:5)
  2 dart slugs (D:1)
  6 leopard geckos
  5 orcs
  2 ball pythons
  5 giant cockroaches
  8 hobgoblins
  15 jackals
  2 quokkas
  6 bats
  2 frilled lizards (D:1)
  3 goblins (D:2)
  4 hobgoblin zombies (Ossuary)
  A jackal skeleton (D:4)
  4 kobolds
  A quokka zombie (D:4)
  6 rats
  A rat zombie (D:4)
128 creatures vanquished.

Notes
Turn   | Place    | Note
-------+----------+-------------------------------------------
     0 | D:1      | protoss039 the Deep Elf Earth Elementalist began the quest
                  | for the Orb.
     0 | D:1      | Reached XP level 1. HP: 10/10 MP: 6/6
   264 | D:1      | Reached XP level 2. HP: 10/15 MP: 6/8
  1131 | D:1      | Reached skill level 1 in Short Blades
  1384 | D:2      | Reached XP level 3. HP: 19/19 MP: 8/10
  1458 | D:2      | Noticed Sigmund
  1475 | D:2      | Reached skill level 4 in Spellcasting
  1624 | D:2      | Learned a level 2 spell: Passwall
  1628 | D:2      | Learned a level 3 spell: Stone Arrow
  1838 | D:2      | Reached XP level 4. HP: 24/24 MP: 12/12
  2168 | D:2      | Found a sparkling altar of Nemelex Xobeh.
  2390 | D:2      | Noticed Jessica
  2398 | D:2      | Reached skill level 5 in Spellcasting
  2407 | D:2      | Killed Jessica
  3118 | D:3      | Reached XP level 5. HP: 24/28 MP: 9/14
  3382 | D:3      | Found a snail-covered altar of Cheibriados.
  3383 | D:3      | Found a stormy altar of Qazlal.
  3721 | D:4      | Reached skill level 6 in Spellcasting
  3952 | D:4      | Noticed Menkaure
  3954 | D:4      | Killed Menkaure
  3954 | D:4      | Reached skill level 5 in Earth Magic
  3954 | D:4      | Reached XP level 6. HP: 32/32 MP: 13/17
  3984 | D:4      | Found a sand-covered staircase.
  4000 | Ossuary  | Entered an ossuary
  4018 | Ossuary  | Reached skill level 7 in Spellcasting
  4586 | D:4      | Noticed Ijyb
  4599 | D:4      | Reached XP level 7. HP: 14/36 MP: 6/20
  4600 | D:4      | Reached skill level 8 in Spellcasting
  4606 | D:4      | Killed Ijyb
  5159 | D:4      | Learned a level 4 spell: Petrify
  5165 | D:4      | Learned a level 5 spell: Lee's Rapid Deconstruction
  5166 | D:5      | Entered Level 5 of the Dungeon
  5465 | D:5      | Noticed Dowan
  5466 | D:5      | Noticed Duvessa
  5484 | D:4      | Reached skill level 9 in Spellcasting
  5879 | D:5      | Reached XP level 8. HP: 30/41 MP: 1/23
  6252 | D:5      | Found a staircase to the Ecumenical Temple.
  6268 | Temple   | Entered the Ecumenical Temple
  6422 | Temple   | Became a worshipper of Vehumet
  6458 | D:5      | Killed Dowan
  6468 | D:5      | Slain by Duvessa

Illustrated notes

Levels and vault maps discovered:
D:1:      sevenhm_arrival_forest_fort_small_4, layout_basic
D:2:      layout_basic, nemelex_altar_shiori, first_ration, minmay_statues_item,
          st_stairs_6, hangedman_abyss_or_decor_stabs, uniq_sigmund,
          uniq_jessica
D:3:      layout_basic, gammafunk_temple_overflow_statue,
          chequers_serial_rivers_marsh, minivault_24, minmay_tree_intersection
D:4:      layout_cave_pools, enter_ossuary_4, uniq_ijyb, uniq_menkaure
D:5:      layout_cave_pods, minmay_temple_entry_offerings, uniq_duvessa
Temple:   nicolae_temple_elliptical

Skill      XL: |  1  2  3  4  5  6  7 |
---------------+----------------------+-----
Short Blades   | 1 |  1.0
Earth Magic    | 4 5 6 7 |  7.7
Spellcasting   | 4 5 6 7 9 |  9.8
Polearms       | |  0.1
Dodging        | |  2.4
Stealth        | |  2.4
Conjurations   | |  0.8
Transmutations | |  1.1

Action                   |  1- 3 |  4- 6 |  7- 9 || total
-------------------------+-------+-------+-------++-------
Melee: Short sword       |    78 |       |       ||    78
       Unarmed           |     3 |       |       ||     3
       Spear             |     2 |   112 |    23 ||   137
 Cast: Sandblast         |    26 |    50 |    27 ||   103
       Stone Arrow       |       |     8 |    16 ||    24
       Lee's Rapid Decon |       |       |     5 ||     5
  Use: Scroll            |       |       |     2 ||     2
       Potion            |       |       |     3 ||     3
 Stab: Sleeping          |     3 |     7 |       ||    10
       Distracted        |       |       |     1 ||     1
  Eat: Chunk             |     3 |     7 |     8 ||    18
Armor: Robe              |    24 |    22 |    14 ||    60
Dodge: Dodged            |    77 |    89 |    26 ||   192
